 Dungeon Crawl Stone Soup version 0.30.0 (webtiles) character file.

Game seed: 7716643522802512544

257554 bnnuy the Slayer (level 19, -16/191 HPs)
             Began as a Minotaur Berserker on May 5, 2023.
             Was a High Priest of Trog.
             Demolished by a fire giant
             ... wielding a +2 great sword of flaming
              (22 damage)
             ... on level 2 of the Depths on May 6, 2023.
             The game lasted 02:37:55 (48922 turns).

bnnuy the Slayer (Minotaur Berserker)              Turns: 48922, Time: 02:37:56

Health: -16/191    AC: 22    Str: 35    XL:     19   Next: 10%
Magic:  0/6        EV: 16    Int: 10    God:    Trog [*****.]
Gold:   4062       SH:  0    Dex: 19    Spells: 18/18 levels left

rFire   . . .        O - +6 battleaxe of Joimew {antimagic, rN++ Str+7 SInv}
rCold   . . .        (shield currently unavailable)
rNeg    + + .        A - +0 plate armour
rPois   +            (helmet restricted)
rElec   +            X - scarf {repulsion}
rCorr   .            W - +0 pair of gloves "Mooxkepi" {rElec Dex+6}
SInv    +            M - +2 pair of boots "Tovicizo" {Int+4}
Will    ++++.        i - amulet of guardian spirit Stlth
                     V - ring "Mekheid" {rPois Dex+3 SInv}
HPRegen 1.51/turn    F - ring of willpower
MPRegen 0.10/turn

%: repel missiles, guardian spirit
@: about to teleport, strong-willed, on berserk cooldown, regenerating, slowed,
very slow
A: horns 2, retaliatory headbutt
}: 2/15 runes: barnacled, gossamer
a: Renounce Religion, Berserk, Trog's Hand, Brothers in Arms


You were on level 2 of the Depths.
You worshipped Trog.
Trog was extremely pleased with you.
You visited 7 branches of the dungeon, and saw 33 of its levels.
You also visited: Sewer and Ossuary.

You collected 4833 gold pieces.
You spent 771 gold pieces at shops.

Inventory:

Hand Weapons
 a - a +2 battleaxe of flaming
 x - the +5 arbalest of Kindness {antimagic, Int+2 SInv}
   (You acquired it on level 12 of the Dungeon)

   Int:       It affects your intelligence (+2).
   SInv:      It lets you see invisible.
 z - the +8 hand axe of Resumed Hostilities {flame, rF+ SInv Stlth+}
   (Trog gifted it to you on level 1 of the Spider Nest)

   rF:        It protects you from fire.
   SInv:      It lets you see invisible.
   Stlth:     It makes you more stealthy.
 O - the +6 battleaxe of Joimew (weapon) {antimagic, rN++ Str+7 SInv}
   (Trog gifted it to you on level 4 of the Shoals)

   Str:       It affects your strength (+7).
   rN:        It greatly protects you from negative energy.
   SInv:      It lets you see invisible.
Missiles
 l - a throwing net
Armour
 s - the +1 pair of boots of Rationality {rC- Int+7 Dex+3}
   (You found it on level 4 of the Spider Nest)

   Int:       It affects your intelligence (+7).
   Dex:       It affects your dexterity (+3).
   rC:        It makes you vulnerable to cold.
 A - a +0 plate armour (worn)
 M - the +2 pair of boots "Tovicizo" (worn) {Int+4}
   (You found it on level 4 of the Spider Nest)

   Int:       It affects your intelligence (+4).
 W - the +0 pair of gloves "Mooxkepi" (worn) {rElec Dex+6}
   (You found it on level 4 of the Spider Nest)

   Dex:       It affects your dexterity (+6).
   rElec:     It insulates you from electricity.
 X - a scarf of repulsion (worn)
Jewellery
 i - an amulet of guardian spirit (around neck)
 F - a ring of willpower (right hand)
 S - an amulet of the acrobat
 U - an amulet of regeneration
 V - the ring "Mekheid" (left hand) {rPois Dex+3 SInv}
   (You bought it in a shop on level 1 of the Dungeon)

   [ring of poison resistance]

   Dex:       It affects your dexterity (+3).
   rPois:     It protects you from poison.
   SInv:      It lets you see invisible.
Wands
 w - a wand of polymorph (6)
 J - a wand of roots (13)
 K - a wand of digging (14)
 N - a wand of light (6)
 R - a wand of charming (17)
 Y - a wand of flame (14)
Scrolls
 b - 9 scrolls of identify
 c - 6 scrolls of teleportation
 d - a scroll of fog
 h - 5 scrolls of enchant armour
 n - 2 scrolls of magic mapping
 q - 6 scrolls of immolation
 r - 5 scrolls of vulnerability
 t - 2 scrolls of torment
 u - 2 scrolls of fear
 v - a scroll of butterflies
 y - 13 scrolls of noise
 E - 7 scrolls of enchant weapon
 G - 2 scrolls of brand weapon
 I - 2 scrolls of poison
 L - 2 scrolls of blinking
 P - a scroll of silence
Potions
 e - 4 potions of flight
 f - 5 potions of haste
 g - 3 potions of might
 j - 5 potions of attraction
 k - 13 potions of curing
 o - 4 potions of ambrosia
 p - 9 potions of lignification
 B - 19 potions of degeneration
 C - 3 potions of magic
 D - 2 potions of invisibility
 H - 2 potions of mutation
 Q - 2 potions of cancellation
 T - 2 potions of berserk rage
Miscellaneous
 Z - a phial of floods


   Skills:
 - Level 22.0 Fighting
 - Level 20.0 Axes
 - Level 7.0 Ranged Weapons
 + Level 15.1 Throwing
 - Level 14.9 Armour
 - Level 13.1 Dodging
 - Level 3.0 Evocations


You had 18 spell levels left.
You didn't know any spells.
Your spell library contained the following spells:

 Spells                   Type           Power      Damage    Failure   Level
 Apportation              Tloc           0%         N/A       86%         1
 Magic Dart               Conj           0%         1d3       86%         1
 Necrotise                Necr           0%         1d4       86%         1
 Slow                     Hex            0%         N/A       86%         1
 Summon Small Mammal      Summ           0%         N/A       86%         1
 Call Imp                 Summ           0%         N/A       94%         2
 Cigotuvi's Dreadful Rot  Necr/Pois/Air  0%         N/A       94%         2
 Lesser Beckoning         Tloc           0%         N/A       94%         2
 Call Canine Familiar     Summ           0%         N/A       99%         3
 Confusing Touch          Hex            0%         N/A       99%         3
 Dazzling Flash           Conj/Hex       0%         N/A       99%         3
 Gell's Gravitas          Tloc           0%         N/A       99%         3
 Ignite Poison            Fire/Tmut/Pois 0%         N/A       99%         3
 Mephitic Cloud           Conj/Pois/Air  0%         N/A       99%         3
 Portal Projectile        Hex/Tloc       0%         N/A       99%         3
 Summon Guardian Golem    Hex/Summ       0%         N/A       99%         3
 Teleport Other           Tloc           0%         N/A       99%         3
 Tukima's Dance           Hex            0%         N/A       99%         3
 Vampiric Draining        Necr           0%         2d6       99%         3
 Volatile Blastmotes      Fire/Tloc      0%         2d10      99%         3
 Airstrike                Air            0%         2d(0-16)  100%        4
 Animate Dead             Necr           0%         N/A       100%        4
 Iskenderun's Mystic Bla  Conj/Tloc      0%         2d3       100%        4
 Petrify                  Tmut/Erth      0%         N/A       100%        4
 Summon Ice Beast         Ice/Summ       0%         N/A       100%        4
 Blade Hands              Tmut           0%         N/A       100%        5
 Freezing Cloud           Conj/Ice/Air   0%         6-21      100%        5
 Metabolic Englaciation   Hex/Ice        0%         N/A       100%        5
 Summon Mana Viper        Hex/Summ       0%         N/A       100%        5
 Dispersal                Tloc           0%         N/A       100%        6
 Starburst                Conj/Fire      0%         6d3       100%        6
 Statue Form              Tmut/Erth      0%         N/A       100%        6
 Haunt                    Necr/Summ      0%         N/A       100%        7
 Monstrous Menagerie      Summ           0%         N/A       100%        7
 Infestation              Necr           0%         N/A       100%        8
 Chain Lightning          Conj/Air       0%         N/A       100%        9
 Fire Storm               Conj/Fire      0%         5d1       100%        9
 Shatter                  Erth           0%         3d5*      100%        9


Dungeon Overview and Level Annotations

Branches:
Dungeon (15/15)            Temple (1/1) D:5            Lair (5/5) D:10
 Shoals (4/4) Lair:3       Spider (4/4) Lair:2        Slime (0/5) Lair:4
    Orc (2/2) D:9             Elf (0/3) Orc:2        Vaults (0/5) D:13
 Depths (1/4) D:15          Sewer (visited)         Ossuary (visited)

Altars:
Dithmenos
Fedhas
Gozag
Hepliaklqana
Kikubaaqudgha
Nemelex Xobeh
Qazlal
Ru
Uskayaw
Vehumet
Jiyva

Shops:
D:1 =   D:4 *   D:6 *=   D:9 [(   Orc:1 (   Orc:2 :[![

Portals:
Hell: Depths:1 Depths:2

Annotations:
D:3 exclusion: statue
Lair:1 3 runed translucent doors, komi's ghost, journeyman HOWn
Lair:2 exclusion: downstairs
Shoals:2 Louise
Orc:2 3 runed translucent doors, Rygut's ghost, journeyman DrFi


Innate Abilities, Weirdness & Mutations

You have a pair of horns on your head.
You reflexively headbutt those who attack you in melee.


Message History

The fire giant burns your troll.
Your troll dies!
Your troll's corpse disappears in a puff of smoke!
The white very ugly thing gurgles horribly!
You slice the white very ugly thing!!
The white very ugly thing is severely wounded.
The white very ugly thing basks in the mutagenic energy from its kin and changes!
A stone giant comes into view.
The cyan ugly thing basks in the mutagenic energy from its kin and changes!
Okay, then.
As you read the scroll of teleportation, it crumbles to dust.
You feel strangely unstable.
The fire giant points at you and mumbles some strange words.
The bolt of fire hits you!! The white very ugly thing gores you!
* * * LOW HITPOINT WARNING * * *
The white very ugly thing freezes you!!!
* * * LOW HITPOINT WARNING * * *
A tengu warrior comes into view. It is wielding a +1 long sword.
The fire giant closely misses you. You furiously retaliate!
You headbutt the fire giant!!
You feel much better.
The white very ugly thing gores you but does no damage.
The fire giant closely misses you. You furiously retaliate!
You headbutt the fire giant!
The stone giant hits you but does no damage.
The white very ugly thing gores you.
* * * LOW HITPOINT WARNING * * *
The white very ugly thing freezes you!!
* * * LOW HITPOINT WARNING * * *
You feel much better. The fire giant closely misses you.
The stone giant completely misses you. You furiously retaliate!
You headbutt the stone giant!
The white very ugly thing gores you but does no damage.
The fire giant misses you. You furiously retaliate!
You headbutt the fire giant!! The stone giant hits you!!
* * * LOW HITPOINT WARNING * * *
Okay, then.
The fire giant attacks as you move away!
The fire giant hits you with a +2 great sword of flaming!!
You die...

#...# *...# *,,,* *
#...####...# *,,,***
#..........# *,,,,,,
#######.....)....# *,,,,,,
#.......[...).!..# *,,,,,,
#........†####...#**,>,***
#.......Qu# *,..u.u,,,* *
#.=....CCC# *,,..u,,*** *
#......uu@# *,,,..*******
#.........# *,,,*#***,*,,
#.........# *,,****,,,+,,
#.........# *,,***,,,,+,,
#.........# *,***,,,,,*,,
#.........# *****,,,,****
#.........# **,,,,**,,*
#.........# *∩,,,**,,,+
#.........#####*8,,8*,,,,+


You could see 2 very ugly things, a fire giant, 2 stone giants, a brown ugly
thing and a tengu warrior.

Vanquished Creatures
  Nikola (Spider:1)
  Mlioglotl (Shoals:1)
  A titan (Shoals:4)
  Polyphemus (Shoals:4)
  Frances (Shoals:1)
  Kirke (D:14)
  A frost giant (Depths:2)
  4 emperor scorpions (Spider:4)
  2 fire giants
  4 ghost moths
  4 very ugly things (Depths:2)
  2 stone giants
  Azrael (Spider:1)
  2 spark wasps (Spider:2)
  An ettin (Depths:1)
  11 merfolk impalers
  2 fire dragons (Depths:2)
  3 entropy weavers
  Snorg (Orc:2)
  3 merfolk javelineers (Shoals:4)
  2 ice dragons (Depths:2)
  2 rakshasas (Depths:2)
  8 hydras
  Harold (D:9)
  2 jorogumos
  An ogre mage (Orc:1)
  A catoblepas (Shoals:4)
  2 alligator snapping turtles (Shoals:4)
  7 centaur warriors
  4 boulder beetles
  6 merfolk aquamancers
  4 two-headed ogres
  2 tengu warriors (Depths:2)
  A satyr (Shoals:4)
  3 death yaks
  3 radroaches (Spider:1)
  7 death scarabs (Spider:4)
  2 deep troll shamans (Depths:1)
  Urug (D:13)
  3 deep troll earth magi (Depths:1)
  2 spriggan berserkers (Depths:1)
  4 skysharks
  Sonja (D:10)
  Lodul (D:14)
  6 pharaoh ants
  An iron troll (Depths:1)
  6 sea snakes
  A flayed ghost (Depths:2)
  A sun moth (Spider:2)
  3 orb spiders
  7 deep trolls
  2 glowing orange brains
  A spectral wolf spider (Spider:4)
  A steelbarb worm (Spider:4)
  2 wolf spider zombies (Spider:4)
  11 orc knights
  9 wolf spiders
  A broodmother zombie (Spider:4)
  20 harpies
  15 manticores
  3 orc sorcerers (Orc:1)
  14 fauns
  10 cyclopes
  27 ugly things
  2 moths of wrath
  8 merfolk sirens
  8 elephants
  A black mamba (Lair:1)
  Maurice (D:8)
  8 cane toads
  4 water nymphs
  3 spectral redbacks (Spider:4)
  2 gargoyles
  4 demonic crawlers
  2 torpor snails
  7 komodo dragons
  3 kobold demonologists (D:12)
  An efreet (D:15)
  Psyche (D:10)
  An unseen horror (D:12)
  A redback zombie (Spider:4)
  5 yaktaurs (D:15)
  26 merfolk
  A tengu conjurer (Depths:2)
  9 meliai
  3 polar bears (Lair:5)
  Grinder (D:6)
  21 tarantellas
  6 hornets
  5 trolls
  10 wind drakes
  2 spectral culicivoras (Spider:4)
  2 spectral jumping spiders (Spider:4)
  A culicivora zombie (Spider:4)
  13 dream sheep
  3 tarantella zombies (Spider:4)
  A spectral tarantella (Spider:4)
  2 jumping spider zombies (Spider:4)
  3 snapping turtles
  4 blink frogs (Lair:3)
  14 spriggans
  7 air elementals (Shoals:4)
  15 culicivoras
  8 slime creatures
  2 wraiths
  14 jumping spiders
  2 vampires
  A shadow (D:9)
  16 water elementals
  A culicivora (shapeshifter) (D:15)
  4 wyverns
  2 hogs (D:14)
  A steam dragon (D:7)
  34 yaks
  2 fire elementals (Spider:1)
  2 basilisks
  7 vampire mosquitoes
  Menkaure (D:5)
  29 redbacks
  2 swamp worms (D:9)
  2 wargs
  11 water moccasins
  An acid dragon (D:11)
  A floating eye (Depths:1)
  4 hell hounds (Spider:1)
  Duvessa (D:7)
  Pargi (Sewer)
  An ice beast (D:7)
  33 orc warriors
  A sky beast (D:7)
  5 black bears
  10 ogres
  21 wolves
  5 boggarts (Lair:5)
  12 centaurs
  A phantom (D:5)
  3 kobold brigands
  12 bullfrogs
  2 gnoll sergeants
  3 scorpions
  13 wights
  Dowan (D:7)
  15 killer bees
  12 howler monkeys
  A lava snake (D:7)
  2 centaur zombies (Ossuary)
  A hound (D:6)
  A human zombie (Ossuary)
  4 jellies
  3 gnoll boudas
  11 orc priests
  Crazy Yiuf (D:6)
  An iguana (D:6)
  2 sleepcaps
  17 orc wizards
  5 mummies (Ossuary)
  22 gnolls
  9 adders
  A white imp (D:8)
  A worm (Lair:2)
  4 dart slugs
  68 orcs
  7 endoplasms
  7 giant cockroaches
  3 goblins (D:1)
  5 hobgoblins
  4 jackals (D:5)
  4 quokkas
  7 ball pythons
  6 bats
  5 frilled lizards
  4 hobgoblin zombies (Ossuary)
  14 kobolds
  An orc zombie (Ossuary)
  A rat (D:3)
990 creatures vanquished.

Vanquished Creatures (collateral kills)
  A spark wasp (Spider:2)
  A centaur warrior (Shoals:1)
  A wolf spider (Spider:4)
  A manticore (D:14)
  A cyclops (D:14)
  A gargoyle (D:14)
  2 tarantellas (Spider:4)
  A tarantella zombie (Spider:4)
  A culicivora (Spider:4)
10 creatures vanquished.

Vanquished Creatures (others)
  A tarantella (Spider:1)
  4 humans (D:14)
  21 fungi
  123 plants
  6 tentacles (Shoals:1)
155 creatures vanquished.

Grand Total: 1155 creatures vanquished

Notes
Turn   | Place    | Note
-------+----------+-------------------------------------------
     0 | D:1      | bnnuy the Minotaur Berserker began the quest for the Orb.
     0 | D:1      | Reached XP level 1. HP: 19/19 MP: 0/0
   121 | D:1      | Reached XP level 2. HP: 20/27 MP: 1/1
   356 | D:1      | Reached ** piety under Trog
   364 | D:1      | Reached skill level 4 in Fighting
   391 | D:1      | Found Guffuj's One-of-a-Kind Rings.
   542 | D:1      | Reached XP level 3. HP: 33/33 MP: 2/2
  1191 | D:2      | Found a faded altar of an unknown god.
  1493 | D:2      | Reached XP level 4. HP: 40/40 MP: 3/3
  1965 | D:3      | Found a radiant altar of Vehumet.
  1965 | D:3      | Noticed a charred statue
  2260 | D:4      | Found a hide-covered altar of Uskayaw.
  2385 | D:4      | Noticed a scorpion
  2391 | D:4      | Killed a scorpion
  2392 | D:4      | Reached XP level 5. HP: 47/47 MP: 4/4
  2508 | D:4      | Found Waije's General Store.
  2512 | D:4      | Bought a scroll of butterflies for 52 gold pieces
  2512 | D:4      | Bought a wand of mindburst (4) for 72 gold pieces
  2512 | D:4      | Bought a scroll of identify for 26 gold pieces
  2601 | D:4      | Noticed an ogre
  2609 | D:4      | Killed an ogre
  2610 | D:4      | Reached skill level 5 in Fighting
  2610 | D:4      | Reached skill level 5 in Axes
  2610 | D:4      | Reached XP level 6. HP: 56/56 MP: 5/5
  2667 | D:4      | Found a glowing drain.
  2672 | Sewer    | Entered a sewer
  2750 | Sewer    | Noticed Pargi
  2755 | Sewer    | Killed Pargi
  2898 | D:4      | Reached *** piety under Trog
  3109 | D:5      | Entered Level 5 of the Dungeon
  3195 | D:5      | Reached skill level 5 in Armour
  3364 | D:5      | Found a staircase to the Ecumenical Temple.
  3373 | D:5      | Reached XP level 7. HP: 61/61 MP: 6/6
  3384 | Temple   | Entered the Ecumenical Temple
  3396 | D:5      | Noticed Menkaure
  3406 | D:5      | Killed Menkaure
  3407 | D:5      | Reached skill level 6 in Fighting
  3407 | D:5      | Reached skill level 5 in Dodging
  4519 | D:6      | Found Sabb's Assorted Antiques.
  4526 | D:6      | Noticed Grinder
  4529 | D:6      | Paralysed by Grinder for 3 turns
  4619 | D:7      | Reached skill level 7 in Fighting
  4753 | D:7      | Found a sand-covered staircase.
  4762 | Ossuary  | Entered an ossuary
  4946 | Ossuary  | Reached XP level 8. HP: 70/73 MP: 7/7
  5259 | D:7      | Noticed Dowan
  5259 | D:7      | Noticed Duvessa
  5276 | D:7      | Killed Duvessa
  5280 | D:7      | Killed Dowan
  5314 | D:7      | Reached skill level 8 in Fighting
  5549 | D:7      | Reached skill level 9 in Fighting
  6258 | D:8      | Reached skill level 10 in Fighting
  6538 | D:8      | Reached skill level 1 in Throwing
  6538 | D:8      | Reached skill level 1 in Evocations
  6544 | D:8      | Reached XP level 9. HP: 85/85 MP: 8/8
  6679 | D:8      | Reached **** piety under Trog
  7226 | D:8      | Noticed Maurice
  7238 | D:8      | Killed Maurice
  7722 | D:6      | Killed Grinder
  7764 | D:6      | Found a runed translucent door.
  7765 | D:6      | Noticed Crazy Yiuf
  8025 | D:6      | Found Wixoem's Jewellery Emporium.
  8060 | D:6      | Found a blossoming altar of Fedhas.
  8063 | D:6      | Found a stormy altar of Qazlal.
  8245 | D:6      | Killed Crazy Yiuf
  8336 | D:9      | Noticed Harold
  8343 | D:9      | Killed Harold
  8344 | D:9      | Reached skill level 11 in Fighting
  8344 | D:9      | Reached XP level 10. HP: 97/97 MP: 9/9
  8409 | D:8      | Reached skill level 12 in Fighting
  8680 | D:9      | Found an opulent altar of Gozag.
  8685 | D:9      | Reached skill level 13 in Fighting
  8685 | D:9      | Found a sparkling altar of Nemelex Xobeh.
  9253 | D:9      | Found a staircase to the Orcish Mines.
  9254 | D:9      | Found Nixecut's Weapon Shoppe.
  9289 | D:9      | Reached skill level 14 in Fighting
  9431 | D:9      | Found Ura Inil's Armour Shoppe.
  9943 | D:9      | Found an ancient bone altar of Kikubaaqudgha.
  9971 | D:9      | Noticed a two-headed ogre
  9979 | D:9      | Killed a two-headed ogre
  9980 | D:9      | Reached skill level 15 in Fighting
 10176 | D:10     | Entered Level 10 of the Dungeon
 10215 | D:9      | Reached XP level 11. HP: 57/113 MP: 10/10
 10376 | D:10     | Noticed Psyche
 10381 | D:10     | Killed Psyche
 10705 | D:10     | Noticed Sonja
 10861 | D:10     | Found a staircase to the Lair.
 10973 | D:10     | Noticed a sea snake
 11036 | D:10     | Found a sacrificial altar of Ru.
 11067 | Lair:1   | Entered Level 1 of the Lair of Beasts
 11243 | D:10     | Found a shadowy altar of Dithmenos.
 11282 | D:10     | Killed Sonja
 11989 | D:11     | Noticed a boulder beetle
 12198 | D:11     | Killed a boulder beetle
 12199 | D:11     | Reached skill level 10 in Axes
 13692 | D:1      | Bought the ring "Mekheid" {rPois Dex+3 SInv} for 525 gold
                  | pieces
 14080 | Lair:1   | Found a runed translucent gate.
 14080 | Lair:1   | Found a runed translucent gate.
 14080 | Lair:1   | Found a runed translucent gate.
 14147 | Lair:1   | Reached skill level 10 in Armour
 14538 | Lair:1   | Identified the +8 shortbow of Scorn {heavy, rPois rF- Int+2
                  | Dex+4}
 14869 | Lair:1   | Noticed komi's ghost (journeyman HOWn)
 14959 | Lair:2   | Noticed a skyshark
 14970 | Lair:2   | Killed a skyshark
 15223 | Lair:2   | Reached XP level 12. HP: 112/122 MP: 11/11
 15475 | Lair:2   | Found a hole to the Spider Nest.
 16146 | Lair:2   | Got Orghuoshe's Elucidation of the Harmful Squall
 16678 | Lair:3   | Noticed an eight-headed hydra
 16837 | Spider:1 | Entered Level 1 of the Spider Nest
 17085 | D:13     | Noticed Urug
 17097 | D:13     | Killed Urug
 17256 | D:12     | Noticed a boulder beetle
 17295 | D:12     | Killed a boulder beetle
 17657 | D:12     | Reached skill level 16 in Fighting
 17657 | D:12     | Identified a scroll of acquirement
 17682 | D:12     | Acquired the +5 arbalest of Kindness {antimagic, Int+2
                  | SInv}
 17816 | D:12     | Noticed a six-headed hydra
 17849 | D:11     | Reached skill level 1 in Ranged Weapons
 17913 | D:12     | Noticed a two-headed ogre
 17922 | D:12     | Killed a two-headed ogre
 18310 | D:12     | Noticed a two-headed ogre
 18321 | D:12     | Killed a two-headed ogre
 21419 | D:13     | Identified the +0 plate armour of the Equator {Harm Fly
                  | rF++ Int-4}
 21496 | D:13     | Reached skill level 15 in Axes
 22068 | D:13     | Noticed a boulder beetle
 22093 | D:13     | Killed a boulder beetle
 22094 | D:13     | Reached XP level 13. HP: 130/130 MP: 12/12
 22193 | D:13     | HP: 3/130 [centaur warrior/arrow (5)]
 22548 | D:13     | Reached skill level 17 in Fighting
 22802 | D:13     | Found a gate to the Vaults.
 23050 | D:14     | Noticed Kirke
 23065 | D:14     | Killed Kirke
 23712 | Orc:1    | Entered Level 1 of the Orcish Mines
 24469 | Orc:1    | Found Mirekivi's Antique Weapon Shop.
 25263 | Orc:2    | Entered Level 2 of the Orcish Mines
 25342 | Orc:2    | Noticed Snorg
 25400 | Orc:2    | Killed Snorg
 25483 | Orc:2    | Reached ***** piety under Trog
 25681 | Orc:2    | Found a runed translucent gate.
 25681 | Orc:2    | Found a runed translucent gate.
 25681 | Orc:2    | Found a runed translucent gate.
 25682 | Orc:2    | Noticed Rygut's ghost (journeyman DrFi)
 26056 | Orc:2    | Received a gift from Trog
 26154 | Orc:2    | Found a staircase to the Elven Halls.
 26473 | Orc:2    | Found Jiepli's Distillery.
 26473 | Orc:2    | Found Xuafiatu's Antique Armour Shoppe.
 26475 | Orc:2    | Found Popet's Book Emporium.
 26477 | Orc:2    | Found Wavvaong's Armour Shop.
 26481 | Orc:2    | Bought a potion of invisibility for 96 gold pieces
 26676 | Lair:3   | Reached XP level 14. HP: 123/140 MP: 13/13
 27121 | Lair:3   | Identified the +0 robe "Zikkiu Myix" {Dex+2}
 27233 | Lair:3   | Found a staircase to the Shoals.
 27562 | Lair:4   | Found a viscous altar of Jiyva.
 27563 | Lair:4   | Found a staircase to the Slime Pits.
 28525 | Lair:4   | You fall into a shaft and drop 1 floor!
 28525 | Lair:5   | Entered Level 5 of the Lair of Beasts
 30023 | Lair:5   | Reached skill level 10 in Dodging
 30030 | Lair:5   | Received a gift from Trog
 30236 | Lair:5   | Reached skill level 5 in Ranged Weapons
 30245 | Lair:5   | Identified the +6 war axe "Spider's Death Toll" {flame, rC+
                  | Will+}
 30545 | D:14     | Noticed Lodul
 30558 | D:14     | Killed Lodul
 31272 | D:15     | Entered Level 15 of the Dungeon
 31400 | D:15     | Reached XP level 15. HP: 147/147 MP: 14/14
 31519 | D:15     | Found a staircase to the Depths.
 31519 | D:15     | Noticed a fire giant
 32175 | D:15     | Killed a fire giant
 32176 | D:15     | Reached skill level 18 in Fighting
 33716 | Spider:1 | Noticed Nikola
 33741 | Spider:1 | Reached skill level 19 in Fighting
 33745 | Spider:1 | Killed Nikola
 34458 | Spider:1 | Noticed Azrael
 34488 | Spider:1 | Killed Azrael
 34830 | Spider:1 | Identified the +8 hand axe of Resumed Hostilities {flame,
                  | rF+ SInv Stlth+} (Trog gifted it to you on level 1 of the
                  | Spider Nest)
 34830 | Spider:1 | Received a gift from Trog
 37991 | Spider:2 | Reached XP level 16. HP: 156/158 MP: 15/15
 38293 | Spider:4 | Entered Level 4 of the Spider Nest
 38310 | Spider:4 | Received a gift from Trog
 38768 | Spider:4 | Reached skill level 20 in Fighting
 39903 | Spider:4 | Reached skill level 21 in Fighting
 40717 | Spider:4 | Identified the +1 pair of boots of Rationality {rC- Int+7
                  | Dex+3}
 40739 | Spider:4 | Identified the +2 pair of boots "Tovicizo" {Int+4}
 40762 | Spider:4 | Identified the +0 pair of gloves "Mooxkepi" {rElec Dex+6}
 40772 | Spider:4 | Got a gossamer rune of Zot
 40961 | Shoals:1 | Entered Level 1 of the Shoals
 40972 | Shoals:1 | Reached skill level 22 in Fighting
 41070 | Shoals:1 | Noticed Mlioglotl
 41133 | Shoals:1 | Killed Mlioglotl
 41322 | Shoals:1 | Noticed Frances
 41331 | Shoals:1 | Killed Frances
 41803 | Shoals:1 | Reached skill level 5 in Throwing
 41803 | Shoals:1 | Reached XP level 17. HP: 176/176 MP: 16/16
 42140 | Shoals:1 | Noticed a kraken
 42212 | Shoals:2 | Noticed a kraken
 42212 | Shoals:2 | Noticed a kraken
 42212 | Shoals:2 | Noticed a kraken
 42212 | Shoals:2 | Noticed a kraken
 42212 | Shoals:2 | Noticed Louise
 42712 | Shoals:3 | Reached XP level 18. HP: 152/184 MP: 15/17
 42777 | Shoals:4 | Entered Level 4 of the Shoals
 42921 | Shoals:4 | Identified the +6 battleaxe of Joimew {antimagic, rN++
                  | Str+7 SInv} (Trog gifted it to you on level 4 of the
                  | Shoals)
 42921 | Shoals:4 | Received a gift from Trog
 43121 | Shoals:4 | Paralysed by an air elemental for 1 turns
 43139 | Shoals:4 | Paralysed by an air elemental for 1 turns
 43654 | Shoals:4 | Noticed Polyphemus
 43667 | Shoals:4 | Killed Polyphemus
 44336 | Shoals:4 | Found a hazy altar of Hepliaklqana.
 44509 | Shoals:4 | Reached skill level 10 in Throwing
 44563 | Shoals:4 | Identified the +1 robe "Kustre" {Harm Rampage Regen+}
 44635 | Shoals:4 | Identified the +0 ring mail "Irobyiw" {+Blink rC- rN+++
                  | Dex-4}
 44638 | Shoals:4 | Paralysed by an air elemental for 1 turns
 45731 | Shoals:4 | Received a gift from Trog
 46844 | Shoals:4 | Got a barnacled rune of Zot
 47264 | Depths:1 | Entered Level 1 of the Depths
 48122 | Depths:1 | Found a gateway to Hell.
 48122 | Depths:1 | You fall into a shaft and drop 1 floor!
 48492 | Depths:2 | Reached XP level 19. HP: 191/191 MP: 6/18
 48899 | Depths:2 | Reached skill level 15 in Throwing
 48919 | Depths:2 | HP: 6/191 [white very ugly thing (48)]
 48922 | Depths:2 | Demolished by a fire giant

Illustrated notes

Levels and vault maps discovered:
D:1:      tarquinn_simple_flora_water_f, layout_loops_ring,
          nicolae_shop_unique_rings
D:2:      layout_basic, shapermc_ecumenical_altar_flowoftime
D:3:      layout_rooms, vehumet_statue, chequers_serial_rivers_small_3
D:4:      layout_gridville, mainiacjoe_overflow_small_starburst, serial_shops,
          nicolae_shop_back_alley_shop, portal_sewer_entry_e,
          kennysheep_decorative_pillar
D:5:      layout_basic, minmay_temple_entry_grid, uniq_menkaure
D:6:      layout_basic, grunt_temple_overflow_forces_of_nature, serial_shops,
          nicolae_shop_hallway_plus, shop, uniq_crazy_yiuf_cottage, uniq_grinder
D:7:      layout_loops_ring, enter_ossuary_3, st_stairs_1, kennysheep_path_1,
          uniq_duvessa
D:8:      layout_loops_ring, st_stairs_13, uniq_maurice
D:9:      layout_irregular_city, grunt_temple_overflow_opulence,
          lemuel_round_altar, orc_david_3, hangedman_abyss_or_decor_stagger,
          worms_lemuel, uniq_harold
D:10:     lemuel_ice_spiral_2, layout_rooms, grunt_dithmenos_shadows,
          mainiacjoe_overflow_brackets, lair_entry_dummy, serial_aquarium,
          aquarium_bridge_straight [aquarium_subvault_bridge,
          aquarium_subvault_balcony, aquarium_subvault_bridge,
          aquarium_subvault_window], aquarium_window_1, aquarium_window_double,
          aquarium_window_fake, aquarium_window_fake, aquarium_view_2e,
          aquarium_view_4, uniq_sonja, uniq_psyche
D:11:     layout_loops_corners, minmay_diced_spiral
D:12:     layout_stronghold
D:13:     layout_big_octagon, minmay_misc_feat_four_crosses, uniq_urug
D:14:     kennysheep_blocky_hall, layout_rooms, serial_bayou_pond_c, uniq_lodul,
          uniq_kirke
D:15:     grunt_enter_depths_giant_problem, layout_loops_corners
Temple:   nicolae_temple_god_jail
Lair:1:   layout_regular_city, gammafunk_ghost_necromancy, st_stairs_13,
          minmay_hedge_maze, hibernation_bobbens
Lair:2:   layout_concentric_octagons, nicolae_spider_entry_non_spiders
Lair:3:   layout_regular_city, elwin_shoals_entry_stream
Lair:4:   layout_loops_ring, slime_entry_1, st_stairs_5, beast_lair_carwin_7
Lair:5:   minmay_lair_end_enchanted_forest, layout_cave_pods
Shoals:1: layout_shoals, uniq_frances, uniq_mlioglotl
Shoals:2: layout_shoals, nicolae_shoals_kraken_party, uniq_louise
Shoals:3: layout_shoals, serial_shops, nicolae_shop_rolling_square
Shoals:4: shoals_end_hellmonk_storm_palace [storm_palace_center_circular,
          storm_palace_corner_narrow, storm_palace_corner_altar,
          storm_palace_corner_pillars, storm_palace_corner_reverse_hut],
          uniq_polyphemus
Spider:1: layout_chambers, portal_ice_cave_entry_ugly_swarm, drop_trap,
          uniq_azrael, uniq_nikola
Spider:2: nicolae_spider_hilbert_zone_5 [nicolae_spider_hilbert_3_sides_1_open,
          nicolae_spider_hilbert_4_sides_1_open,
          nicolae_spider_hilbert_4_sides_1_open,
          nicolae_spider_hilbert_6_sides_1_open,
          nicolae_spider_hilbert_6_sides_1_open]
Spider:3: layout_spider_delve, nicolae_spider_moth_buddies
Spider:4: floodkiller_spider_rune_tomb, hellmonk_spider_spawner
Orc:1:    layout_caves, guppyfry_orc_lava_fort
Orc:2:    st_orc_rangers, layout_diamond_mine, basic_altar,
          ebering_ghost_rock_garden, uniq_snorg
Depths:1: layout_basic, grunt_hell_entry_dis_old, serial_bayou_pond_b,
          minmay_misc_feat_hallway, grunt_decor_one_mirror, grunt_ministairs_6,
          minmay_st_funbox, nicolae_titane
Depths:2: pf_snail_temple, layout_long_grid, enter_ziggurat_e, pan_entry,
          serial_shops, nicolae_lakefront_shop, hangedman_coc_ice_floe,
          gammafunk_ghost_wrathful_warriors, serial_bayou_pond_c,
          minmay_misc_feat_room, hangedman_decor_clover_reticule

Skill      XL: |  1  2  3  4  5  6  7  8  9 10 11 12 13 14 15 16 17 18 19 |
---------------+----------------------------------------------------------+-----
Axes           | 4 5 7 8 12 15 19 20 | 20.0
Fighting       | 4 5 7 10 11 15 16 17 19 22 | 22.0
Armour         | 3 4 5 7 10 12 14 | 14.9
Dodging        | 3 4 5 7 10 12 13 | 13.1
Throwing       | 1 3 5 6 14 15 | 15.1
Evocations     | 1 3 |  3.0
Ranged Weapons | 4 7 |  7.0

Action                     |  1- 3 |  4- 6 |  7- 9 | 10-12 | 13-15 | 16-18 | 19-21 || total
---------------------------+-------+-------+-------+-------+-------+-------+-------++-------
  Melee: Hand axe          |    73 |   101 |   218 |       |    14 |       |       ||   406
         Punch             |     1 |     1 |     3 |       |       |       |       ||     5
         Headbutt          |     8 |    13 |    57 |   106 |   229 |   221 |     9 ||   643
         Battleaxe         |       |       |    63 |   454 |   932 |   866 |    33 ||  2348
         War axe           |       |       |     8 |       |       |       |       ||     8
   Fire: Arbalest          |       |       |       |     6 |    22 |       |       ||    28
  Throw: Throwing net      |     1 |     1 |     3 |     4 |       |       |       ||     9
 Invoke: Berserk           |       |     3 |    15 |    26 |    27 |    18 |     1 ||    90
         Trog's Hand       |       |       |     3 |     4 |     5 |     7 |     1 ||    20
         Brothers in Arms  |       |       |       |       |     2 |     3 |     1 ||     6
  Evoke: Wand              |       |       |       |     3 |    15 |     1 |       ||    19
    Use: Scroll            |       |     3 |     7 |    21 |     9 |     1 |     1 ||    42
         Potion            |       |       |       |     7 |     3 |     4 |     3 ||    17
   Stab: Held in net/web   |       |     1 |     1 |       |       |       |       ||     2
         Invisible         |       |       |       |     1 |       |       |     2 ||     3
         Distracted        |       |       |       |       |       |     1 |       ||     1
 Armour: Animal skin       |     6 |       |       |       |       |       |       ||     6
         Leather armour    |     5 |     5 |       |       |       |       |       ||    10
         Plate armour      |       |    20 |   122 |   317 |   388 |   381 |    11 ||  1239
         Troll leather arm |       |     3 |       |       |       |       |       ||     3
  Dodge: Dodged            |    46 |    53 |   104 |   333 |   560 |   593 |    32 ||  1721
         Repelled          |       |       |       |     1 |     5 |    11 |       ||    17
